Map: [ESL] Solaris

Players

Firefly - Winner!

  • Race: Protoss Protoss
  • Spawn Location: 1:00

Cyan

  • Race: Protoss Protoss
  • Spawn Location: 7:00

Event: ESL SC2 Masters 2023 Winter (Regional)

VOD

Have the link to the VOD?

Description

Time

  • Played on: Nov. 19, 2023, 7:45 a.m.
  • Length: 10:42

All games in this series

Show
View Real Time Build Order
Export as new Build Order

Firefly Protoss - Winner!

Build Orders:  

Get SALT Encoding   

  12  0:00  Probe  
  13  0:12  Probe  
  14  0:17  Pylon  
  14  0:24  Probe  
  15  0:35  Gateway  
  15  0:36  Probe (Chrono Boost)  
  16  0:46  Assimilator, Probe (Chrono Boost)  
  17  0:51  Probe (Chrono Boost)  
  17  0:54  Assimilator  
  18  1:03  Probe (Chrono Boost)  
  19  1:07  Gateway  
  19  1:13  Probe (Chrono Boost)  
  19  1:18  Probe (Chrono Boost)  
  20  1:24  Cybernetics Core  
  21  1:29  Probe  
  22  1:36  Pylon  
  22  1:42  Probe  
  23  1:54  Probe  
  23  1:59  Warp Gate (Chrono Boost)  
  24  2:01  Stalker x2  
  28  2:09  Pylon  
  28  2:15  Pylon  
  28  2:31  Stalker  
  28  2:32  Stalker  
  32  2:54  Nexus  
  32  3:00  Pylon  
  32  3:04  Sentry x2  
  35  3:15  Robotics Facility  
  35  3:17  Probe  
  36  3:21  Pylon  
  36  3:29  Probe  
  36  3:32  Shield Battery  
  37  3:41  Stalker  
  37  3:46  Stalker  
  37  3:51  Probe  
  38  4:03  Shield Battery  
  38  4:05  Stalker  
  40  4:14  Immortal (Chrono Boost)  
  40  4:20  Sentry  
  46  4:32  Stalker  
  46  4:36  Probe x2  
  50  4:45  Stalker  
  54  5:06  Pylon  
  54  5:07  Gateway  
  48  5:16  Pylon  
  48  5:19  Warp Prism (Chrono Boost)  
  44  5:35  Stalker  
  42  5:41  Shield Battery  
  40  5:46  Pylon  
  40  6:00  Stalker  
  42  6:05  Stalker  
  44  6:12  Probe x2  
  43  6:21  Stalker  
  43  6:24  Probe  
  47  6:34  Stalker  
  47  6:36  Stalker  
  50  6:44  Pylon  
  50  6:50  Observer  
  51  6:58  Probe x2  
  53  7:20  Adept x3  
  58  7:25  Probe  
  58  7:26  Probe  
  58  7:29  Immortal  
  61  7:57  Twilight Council, Probe x2 (Chrono Boost)  
  63  8:10  Probe (Chrono Boost)  
  64  8:18  Immortal  
  64  8:19  Probe x2  
  70  8:29  Blink (Chrono Boost)  
  70  8:30  Pylon  
  70  8:32  Pylon  
  70  8:35  Shield Battery  
  70  8:52  Stalker  
  70  8:53  Stalker x2  
  78  8:59  Pylon  
  76  9:13  Pylon  
  76  9:17  Stalker x3  
  82  9:25  Probe x2  
  82  9:26  Pylon  
  84  9:40  Assimilator  
  84  9:45  Stalker x3  
  90  10:13  Stalker x3  
Show
View Real Time Build Order
Export as new Build Order

Cyan Protoss 

Build Orders:  

Get SALT Encoding   

  12  0:00  Probe  
  13  0:12  Probe  
  14  0:17  Pylon  
  14  0:24  Probe (Chrono Boost)  
  15  0:36  Probe (Chrono Boost)  
  15  0:38  Gateway  
  16  0:44  Probe (Chrono Boost)  
  16  0:46  Assimilator  
  17  0:51  Probe  
  17  0:54  Assimilator  
  18  1:03  Probe (Chrono Boost)  
  19  1:09  Gateway  
  19  1:14  Probe (Chrono Boost)  
  20  1:19  Probe (Chrono Boost)  
  20  1:25  Cybernetics Core  
  21  1:29  Probe  
  22  1:33  Pylon  
  22  1:41  Probe  
  23  1:53  Probe  
  24  2:03  Warp Gate  
  24  2:04  Adept x2  
  28  2:10  Pylon  
  29  2:19  Robotics Facility  
  28  2:34  Stalker x2  
  32  2:40  Gateway  
  32  3:04  Immortal (Chrono Boost)  
  34  3:13  Sentry  
  34  3:14  Pylon  
  36  3:35  Warp Prism, Pylon  
  38  3:43  Pylon  
  36  3:52  Stalker x2  
  40  3:57  Stalker  
  42  4:12  Observer  
  42  4:16  Adept x2  
  47  4:28  Stalker  
  49  4:40  Adept x2  
  53  5:01  Adept x3  
  47  5:25  Stalker x3  
  39  5:37  Immortal (Chrono Boost)  
  41  5:48  Adept x3  
  47  6:05  Robotics Bay  
  47  6:24  Immortal (Chrono Boost)  
  41  6:37  Adept x3  
  47  6:44  Shield Battery  
  47  7:06  Shield Battery  
  47  7:07  Disruptor (Chrono Boost)  
  51  7:12  Observer  
  51  7:14  Pylon  
  45  7:37  Stalker x2  
  45  7:40  Warp Prism (Chrono Boost)  
  47  7:49  Stalker  
  49  7:59  Pylon  
  49  8:06  Stalker  
  49  8:10  Stalker  
  53  8:27  Disruptor (Chrono Boost)  
  57  8:45  Adept x3  
  63  8:54  Pylon  
  63  9:19  Observer  
  63  9:25  Stalker x2  
  67  9:43  Stalker  
  69  9:55  Pylon  
  69  10:06  Stalker  
  71  10:13  Stalker  
Tags
 
Add a new tag
Caveats
  • Supply blocks, unpowered buildings, or Contaminate may cause inaccurate times.
  • Supply counts are checked every 10 seconds.